 Dungeon Crawl Stone Soup version 0.32-a0-411-g744942f433 (webtiles) character file.

Game seed: 11205534780436137156

9 shadowstone the Shield-Bearer (level 2, 13/16 HPs)
             Began as a Vine Stalker Fighter on Feb 21, 2024.
             Quit the game on level 1 of the Dungeon.
             The game lasted 00:00:41 (126 turns).

shadowstone the Shield-Bearer (Vine Stalker Fighter) Turns: 126, Time: 00:00:42

Health: 13/16      AC:  7    Str: 18    XL:     2   Next: 12%
Magic:  2/3        EV:  9    Int:  8    God:
Gold:   0          SH:  4    Dex: 13    Spells: 1/1 levels left

rFire   . .          .
                       - Unarmed
rCold   . . .        b - +0 buckler
rNeg    . . .        a - +0 scale mail
rPois   .            (no helmet)
rElec   .            d - +0 cloak
rCorr   .            (no gloves)
SInv    .            (no boots)
Will    .....        (no amulet) Stlth
                     (no ring)
HPRegen 1.02/turn    (no ring)
MPRegen 0.08/turn

%: guardian spirit
@: no status effects
A: fangs 2, regeneration 1, magic shield, antimagic bite, no potion heal 2
a: no special abilities


You were on level 1 of the Dungeon.
You visited 1 branch of the dungeon, and saw 1 of its levels.

Inventory:

Armour
 a - a +0 scale mail (worn)
 b - a +0 buckler (worn)
 d - a +0 cloak (worn)
Potions
 c - a potion of might


   Skills:
 + Level 2.9 Fighting
 + Level 2.5 Armour
 + Level 2.9 Shields
 + Level 2.0 Unarmed Combat


You had one spell level left.
You didn't know any spells.
Your spell library was empty.

Dungeon Overview and Level Annotations

Branches:
Dungeon (1/15)

Altars:


Innate Abilities, Weirdness & Mutations

You have extremely sharp teeth.
Your natural rate of healing is unusually fast.
When hurt, damage is shared between your health and your magic reserves.
Your bite disrupts and absorbs the magic of your enemies.
Potions cannot restore your health.


Message History

You hit the bat but do no damage. The bat closely misses you.
The bat barely misses you. The bat barely misses you.
You block the bat's attack. You block the bat's attack.
You block the bat's attack. The bat hits you but does no damage.
The bat closely misses you.
You completely miss the bat. Your bite misses the bat.
The bat barely misses you. The bat hits you.
A ball python comes into view.
The ball python hisses angrily.
You hear a shout!
The bat hits you.
A kobold comes into view. It is wielding a +0 dagger.
Found a Young Poisoner's Handbook.
The kobold shouts!
The bat hits you but does no damage.
A goblin comes into view. It is wielding a +0 club.
You closely miss the ball python.
The goblin shouts!
You block the bat's attack.
The ball python bites you but does no damage.
The ball python closely misses you.
You closely miss the ball python. Your bite misses the ball python.
You block the bat's attack. The ball python barely misses you. x2
You completely miss the ball python. You bite the ball python.
You kill the ball python!
The bat barely misses you.
Found a helmet.
You see here a ball python corpse.
The bat hits you but does no damage. You block the kobold's attack.
The bat closely misses you. The bat hits you.
The bat hits you but does no damage. The kobold attacks as it pursues you!
The kobold hits you with a +0 dagger. The goblin hits you with a +0 club.
You see here 11 gold pieces.
The bat hits you but does no damage. You block the bat's attack.
You block the bat's attack. The bat attacks as it pursues you!
The bat hits you but does no damage. x2
Are you sure you want to abandon this character and quit the game? (Confirm with "yes".)

....[. ## #.#.: .#
#.#.. .# #.#.####..#
#. #.#..... .# #.#
#.....# .# #.#
#..?.####.# #.#
#†..Kb.@.# #.#
##.#.###.## ##.##
#........#####
###...###..#...>......
.................##
###...###..#.....#
#.### #........#
###.#####.###...##
.......##.. ....#


You could see a bat and a kobold.

Vanquished Creatures
  A dart slug (D:1)
  An endoplasm (D:1)
  A goblin (D:1)
  A ball python (D:1)
4 creatures vanquished.

Notes
Turn   | Place    | Note
-------+----------+-------------------------------------------
     0 | D:1      | shadowstone the Vine Stalker Fighter began the quest for
                  | the Orb.
     0 | D:1      | Reached XP level 1. HP: 11/11 MP: 2/2
    61 | D:1      | Reached XP level 2. HP: 16/16 MP: 1/3
   126 | D:1      | Quit the game

Illustrated notes

Levels and vault maps discovered:
D:1:      zelgadis_glass_arrival_small, layout_loops_cross,
          hellmonk_ecumenical_altar_arch_garden, minmay_door_square,
          minmay_tetromino_i4

Action                     || total
---------------------------++-------
  Melee: Unarmed           ||    19
         Bite              ||     7
 Armour: Scale mail        ||    27
  Dodge: Dodged            ||    18
  Block: Buckler           ||    16

Table legend: (Time is in decaauts)
 A = Elapsed time spent in this place.
 B = Non-inter-level travel time spent in this place.
 C = Inter-level travel time spent in this place.
 D = Time resting spent in this place.
 E = Time spent auto-exploring this place.
 F = Levels seen in this place.
 G = Mean time per level.
                   A        B        C        D        E       F      G
               +--------+--------+--------+--------+--------+-----+--------+
         Total |    126 |    126 |      0 |      0 |     39 |   1 |  126.0 |
       Dungeon |    126 |    126 |      0 |      0 |     39 |   1 |  126.0 |
               +--------+--------+--------+--------+--------+-----+--------+

Top non-repeatable levels by time:
     D:1: 126 daAuts
